 Dungeon Crawl Stone Soup version 0.28-a0-612-gcfc00ec14d (webtiles) character file.

Game seed: 4224616165838230212

123 kae the Skirmisher (level 5, 0/47 HPs)
             Began as a Hill Orc Fighter on Oct 5, 2021.
             Slain by a water moccasin (3 damage)
             ... on level 3 of the Dungeon.
             The game lasted 00:02:36 (2620 turns).

kae the Skirmisher (Hill Orc Fighter)               Turns: 2620, Time: 00:02:37

Health: 0/47       AC:  8    Str: 20    XL:     5   Next: 7%
Magic:  5/5        EV:  9    Int:  8    God:
Gold:   90         SH:  4    Dex: 10    Spells: 4/4 levels left

rFire   . . .      SeeInvis .   g - +1 whip (venom)
rCold   . . .      Faith    .   c - +0 buckler
rNeg    . . .      Spirit   .   b - +0 scale mail
rPois   .          Reflect  .   (no helmet)
rElec   .          Harm     .   (no cloak)
rCorr   .          Rampage  .   e - +0 pair of gloves
Will    .....                   (no boots)
Stlth   ..........              (no amulet)
HPRegen 0.15/turn               (no ring)
MPRegen 0.09/turn               (no ring)

@: lethally poisoned (0 -> -3), hasted, very quick
A: no striking features
a: no special abilities


You were on level 3 of the Dungeon.
You visited 1 branch of the dungeon, and saw 3 of its levels.

You collected 90 gold pieces.

Inventory:

Hand Weapons
 a - a +0 war axe
 g - a +1 whip of venom (weapon)
Armour
 b - a +0 scale mail (worn)
 c - a +0 buckler (worn)
 e - a +0 pair of gloves (worn)
Scrolls
 f - a scroll of teleportation {unknown}
 k - a scroll of brand weapon {unknown}
Potions
 d - a potion of might
 j - a potion of invisibility {unknown}
 l - a potion of mutation {unknown}


   Skills:
 + Level 4.6 Fighting
 + Level 4.1 Axes
 + Level 4.1 Armour
 + Level 4.1 Shields


You had 4 spell levels left.
You didn't know any spells.
Your spell library contained the following spells:

 Spells                   Type           Power      Damage    Failure   Level
 Magic Dart               Conj           0%         1d3       77%         1
 Searing Ray              Conj           0%         2d4       88%         2
 Fulminant Prism          Conj/Hex       0%         3d6       100%        4


Dungeon Overview and Level Annotations

Branches:
Dungeon (3/15)

Altars:
Makhleb


Message History

You are frozen.
You block the water moccasin's attack. The hobgoblin barely misses you.
The endoplasm hits you.
You hit the water moccasin.
The water moccasin is poisoned.
The water moccasin is moderately wounded.
The water moccasin bites you.
The endoplasm jiggles.
The endoplasm hits you but does no damage.
You block the hobgoblin's attack. The endoplasm barely misses you.
You closely miss the water moccasin.
The water moccasin is moderately wounded.
The water moccasin bites you. The endoplasm closely misses you.
The hobgoblin hits you but does no damage.
The water moccasin bites you.
You are poisoned.
The water moccasin poisons you! You block the endoplasm's attack.
You are too injured to fight recklessly!
You feel sick.
You feel sick.
The water moccasin bites you but does no damage.
The endoplasm hits you but does no damage.
The water moccasin bites you.
You are more poisoned.
The water moccasin poisons you!
You feel very sick.
You feel very sick. The endoplasm freezes you.
You are frozen.
* * * LOW HITPOINT WARNING * * *
* * * LOW HITPOINT WARNING * * *
You feel sick.
The water moccasin looks more healthy.
* * * LOW HITPOINT WARNING * * *
You feel sick.
* * * LOW HITPOINT WARNING * * *
You feel sick. You block the water moccasin's attack.
It was a potion of haste.
You feel yourself speed up.
* * * LOW HITPOINT WARNING * * *
You feel sick. You block the water moccasin's attack.
It was a potion of magic.
Magic courses through your body. The water moccasin bites you.
You die...

#.##.#####.##.##..#
#.................#
####.#####.##.##..###
#.# ##.#.#...... #.#
##...#.#### #.# ##.##†##
#.# #.#...# #.# #.#...#
#@# ##.#...###
#######S#######.........
.......Jg...............
.......#..........†.....
##.....................#
.........#####.#.#...#.#
##.#.....# #.#.#......
#.#..)..# #.#.##..... #
##.).## #.#.##.....


You could see a water moccasin, an endoplasm and a hobgoblin.

Vanquished Creatures
  An orc priest (D:3)
  Robin (D:2)
  2 adders (D:2)
  4 orcs (D:3)
  3 bats
  6 endoplasms
  2 giant cockroaches
  11 goblins
  8 hobgoblins
  2 jackals (D:1)
  5 kobolds
  6 ball pythons
  2 frilled lizards
  3 rats
56 creatures vanquished.

Notes
Turn   | Place    | Note
-------+----------+-------------------------------------------
     0 | D:1      | kae the Hill Orc Fighter began the quest for the Orb.
     0 | D:1      | Reached XP level 1. HP: 19/19 MP: 1/1
   189 | D:1      | Found a faded altar of an unknown god.
   199 | D:1      | Reached XP level 2. HP: 27/27 MP: 2/2
  1017 | D:2      | Reached XP level 3. HP: 29/33 MP: 3/3
  1395 | D:2      | Found a burning altar of Makhleb.
  1518 | D:3      | Noticed an ogre
  1652 | D:3      | Noticed Robin
  1663 | D:2      | Reached XP level 4. HP: 33/40 MP: 4/4
  1728 | D:2      | Killed Robin
  2066 | D:3      | HP: 3/61 [poisoned by an orc priest]
  2083 | D:3      | Reached XP level 5. HP: 7/47 MP: 5/5
  2602 | D:3      | Noticed a water moccasin
  2620 | D:3      | Slain by a water moccasin

Illustrated notes

Levels and vault maps discovered:
D:1:      evilmike_arrival_fibonacci_small, layout_basic,
          ebering_ecumenical_altar_mist
D:2:      layout_loops_ring, basic_altar
D:3:      layout_loops_ring, mainiacjoe_overflow_24_doors, uniq_robin

Skill      XL: |  1  2  3  4 |
---------------+-------------+-----
Axes           | 3 4 |  4.1
Fighting       | 4 |  4.6
Shields        | 4 |  4.1
Armour         | 4 |  4.1

Action                   |  1- 3 |  4- 6 || total
-------------------------+-------+-------++-------
Melee: War axe           |    36 |       ||    36
       Whip              |    54 |    71 ||   125
  Use: Scroll            |     3 |       ||     3
       Potion            |     1 |     4 ||     5
Armor: Scale mail        |    62 |    28 ||    90
       Skin              |       |     8 ||     8
Dodge: Dodged            |    42 |    27 ||    69
Block: Buckler           |    15 |    20 ||    35

Table legend: (Time is in decaauts)
 A = Elapsed time spent in this place.
 B = Non-inter-level travel time spent in this place.
 C = Inter-level travel time spent in this place.
 D = Time resting spent in this place.
 E = Time spent auto-exploring this place.
 F = Levels seen in this place.
 G = Mean time per level.
                   A        B        C        D        E       F      G
               +--------+--------+--------+--------+--------+-----+--------+
         Total |   2636 |   2593 |     43 |    589 |   1604 |   3 |  878.7 |
       Dungeon |   2636 |   2593 |     43 |    589 |   1604 |   3 |  878.7 |
               +--------+--------+--------+--------+--------+-----+--------+

Top non-repeatable levels by time:
     D:2: 1013 daAuts
     D:3: 814 daAuts
     D:1: 808 daAuts
